TOP OF THE 1ST |
Dayton Dragons batting - Pitching for Wisconsin Timber Rattlers : LHP Taek-hyun Kim
|
Pitching: LHP Taek-hyun Kim
|
|
Batting: LHB Leo Gomez
|
0-0: Ball 1-0: Ball 2-0: Ball 3-0: Called Strike 3-1: Foul Ball, location: 2F 3-2: Base on Balls
|
Batting: RHB Mark Williams
|
0-0: SINGLE (Groundball, 56S, EV 71.9 MPH) (infield hit) Leo Gomez to second
|
Batting: RHB Chris Zamora
|
0-0: Reached on error, E6 (Groundball, 6, EV 90.0 MPH) Leo Gomez to third Mark Williams to second
|
Batting: RHB Jake Savell
|
0-0: Called Strike 0-1: Swinging Strike 0-2: Foul Ball, location: 2F 0-2: Ball 1-2: Ball 2-2: Foul Ball, location: 2F 2-2: Ground out 4-3 (Groundball, 4M, EV 107.5 MPH) Leo Gomez scores Mark Williams to third Chris Zamora to second
|
Batting: LHB Matt Kennedy
|
0-0: Ball 1-0: Ball 2-0: Called Strike 2-1: Foul Ball, location: 2F 2-2: Ball 3-2: Fly out, F7 (Flyball, 78D, EV 97.5 MPH) Runner from 3rd tags up, SCORES, throw by LF
|
Batting: RHB Andy Bachman
|
0-0: Ball 1-0: Ball 2-0: Called Strike 2-1: Foul Ball, location: 2F 2-2: Fly out, F7 (Flyball, 7, EV 92.5 MPH)
|
Top of the 1st over - 2 runs, 1 hit, 1 error, 1 left on base; Dayton 2 - Wisconsin 0 |
BOTTOM OF THE 1ST |
Wisconsin Timber Rattlers batting - Pitching for Dayton Dragons : RHP Narciso Umbelino
|
Pitching: RHP Narciso Umbelino
|
|
Batting: RHB Chris Maul
|
0-0: Ball 1-0: Foul Ball, location: 2F 1-1: Foul Ball, location: 2F 1-2: Foul Ball, location: 2F 1-2: Foul Ball, location: 2F 1-2: SINGLE (Line Drive, 4M, EV 98.8 MPH)
|
Batting: SHB Aaron Neill
|
0-0: Foul Ball, location: 2F 0-1: Ball 1-1: Called Strike Chris Maul steals 2nd base 1-2: Fly out, F9 (Line Drive, 9, EV 93.1 MPH)
|
Batting: LHB Rick Campbell
|
0-0: Ball 1-0: Ball 2-0: Ball 3-0: Base on Balls
|
Batting: RHB Alfredo Sena
|
0-0: Ball 1-0: Ball 2-0: Swinging Strike 2-1: Foul Ball, location: 2F 2-2: Ground out 6-3 (Groundball, 6D, EV 102.5 MPH) Chris Maul to third Rick Campbell to second
|
Batting: RHB Jonathan Sarles
|
0-0: Ball Passed Ball! Chris Maul scores Rick Campbell to third 1-0: Swinging Strike 1-1: Called Strike 1-2: Ground out 5-3 (Groundball, 56, EV 98.1 MPH)
|
Bottom of the 1st over - 1 run, 1 hit, 0 errors, 1 left on base; Dayton 2 - Wisconsin 1 |
TOP OF THE 2ND |
Dayton Dragons batting - Pitching for Wisconsin Timber Rattlers : LHP Taek-hyun Kim
|
Batting: LHB Chris Redhead
|
0-0: Called Strike 0-1: Foul Ball, location: 2F 0-2: Foul Ball, location: 2F 0-2: Ball 1-2: Ball 2-2: Ball 3-2: Ground out 5-3 (Groundball, 56, EV 85.6 MPH)
|
Batting: RHB Ernie Maldonado
|
0-0: Called Strike 0-1: Ball 1-1: Called Strike 1-2: Strikes out swinging
|
Batting: RHB Yutaka Sato
|
0-0: Called Strike 0-1: Swinging Strike 0-2: Ball 1-2: Strikes out swinging
|
Top of the 2nd over - 0 runs, 0 hits, 0 errors, 0 left on base; Dayton 2 - Wisconsin 1 |
BOTTOM OF THE 2ND |
Wisconsin Timber Rattlers batting - Pitching for Dayton Dragons : RHP Narciso Umbelino
|
Batting: RHB Jose Cerritos
|
0-0: Called Strike 0-1: Ball 1-1: Ball 2-1: SINGLE (Groundball, 56D, EV 95.6 MPH)
|
Batting: SHB Robert Sayer
|
0-0: Ball Jose Cerritos steals 2nd base 1-0: Foul Ball, location: 2F 1-1: Ball 2-1: Foul Ball, location: 2F 2-2: Foul Ball, location: 2F 2-2: Ground out 6-3 (Groundball, 6, EV 83.8 MPH)
|
Batting: RHB Victor Alarcon
|
0-0: Called Strike 0-1: Ball 1-1: Foul Ball, location: 2F 1-2: Strikes out swinging
|
Batting: RHB Chris Fruit
|
0-0: Foul Ball, location: 2F 0-1: Ball 1-1: DOUBLE (Line Drive, 78XD, EV 103.8 MPH) Jose Cerritos scores
|
Batting: RHB Chris Maul
|
0-0: Ball Wild Pitch! Chris Fruit to third 1-0: Ball Wild Pitch! Chris Fruit scores 2-0: Ball 3-0: Base on Balls
|
Batting: SHB Aaron Neill
|
0-0: Foul Ball, location: 2F 0-1: Fly out, F8 (Flyball, 8LD, EV 90.0 MPH)
|
Bottom of the 2nd over - 2 runs, 2 hits, 0 errors, 1 left on base; Dayton 2 - Wisconsin 3 |
TOP OF THE 3RD |
Dayton Dragons batting - Pitching for Wisconsin Timber Rattlers : LHP Taek-hyun Kim
|
Batting: LHB Leo Gomez
|
0-0: Ball 1-0: Ball 2-0: Foul Ball, location: 2F 2-1: SINGLE (Flyball, 78S, EV 88.1 MPH)
|
Batting: RHB Mark Williams
|
0-0: Called Strike Leo Gomez steals 2nd base 0-1: Foul Ball, location: 2F 0-2: Ball 1-2: Foul Ball, location: 2F 1-2: Ground out 5-3 (Groundball, 5, EV 110.6 MPH)
|
Batting: RHB Chris Zamora
|
0-0: Ball 1-0: SINGLE (Groundball, 56D, EV 105.6 MPH) Leo Gomez to third Runner from 3rd tries for Home, SAFE, throw by LF to home Chris Zamora to second
|
Batting: RHB Jake Savell
|
0-0: Foul Ball, location: 2F 0-1: Ball 1-1: Ball 2-1: Ball Wild Pitch! Chris Zamora to third 3-1: Swinging Strike 3-2: Ground out 3-1 (Groundball, 34S, EV 83.8 MPH) Chris Zamora scores
|
Batting: LHB Matt Kennedy
|
0-0: Ball 1-0: Foul Ball, location: 2F 1-1: Ball 2-1: Ground out U3 (Groundball, 13, EV 81.2 MPH)
|
Top of the 3rd over - 2 runs, 2 hits, 0 errors, 0 left on base; Dayton 4 - Wisconsin 3 |
BOTTOM OF THE 3RD |
Wisconsin Timber Rattlers batting - Pitching for Dayton Dragons : RHP Narciso Umbelino
|
Batting: LHB Rick Campbell
|
0-0: Called Strike 0-1: Fly out, F7 (Flyball, 7S, EV 89.4 MPH)
|
Batting: RHB Alfredo Sena
|
0-0: Called Strike 0-1: Ball 1-1: Ground out 4-3 (Groundball, 4MS, EV 79.4 MPH)
|
Batting: RHB Jonathan Sarles
|
0-0: Called Strike 0-1: Swinging Strike 0-2: Ground out 6-3 (Groundball, 4MS, EV 85.0 MPH)
|
Bottom of the 3rd over - 0 runs, 0 hits, 0 errors, 0 left on base; Dayton 4 - Wisconsin 3 |
TOP OF THE 4TH |
Dayton Dragons batting - Pitching for Wisconsin Timber Rattlers : LHP Taek-hyun Kim
|
Batting: RHB Andy Bachman
|
0-0: Called Strike 0-1: Called Strike 0-2: Foul Ball, location: 2F 0-2: Ball 1-2: Ball 2-2: SINGLE (Groundball, 56D, EV 101.2 MPH)
|
Batting: LHB Chris Redhead
|
0-0: Called Strike 0-1: Called Strike 0-2: Ball 1-2: Foul Ball, location: 2F 1-2: Strikes out swinging
|
Batting: RHB Ernie Maldonado
|
0-0: Swinging Strike 0-1: Called Strike 0-2: Foul Ball, location: 2F 0-2: Strikes out looking
|
Batting: RHB Yutaka Sato
|
0-0: Called Strike 0-1: Ball 1-1: Ball 2-1: SINGLE (Groundball, P, EV 81.9 MPH) (infield hit) Andy Bachman to second
|
Batting: LHB Leo Gomez
|
0-0: Ground out U3 (Groundball, 3, EV 80.6 MPH)
|
Top of the 4th over - 0 runs, 2 hits, 0 errors, 2 left on base; Dayton 4 - Wisconsin 3 |
BOTTOM OF THE 4TH |
Wisconsin Timber Rattlers batting - Pitching for Dayton Dragons : RHP Narciso Umbelino
|
Batting: RHB Jose Cerritos
|
0-0: Ball 1-0: Called Strike 1-1: Foul Ball, location: 2F 1-2: Foul Ball, location: 2F 1-2: DOUBLE (Line Drive, 3D, EV 107.5 MPH)
|
Batting: SHB Robert Sayer
|
0-0: SINGLE (Groundball, 34D, EV 104.4 MPH) Jose Cerritos to third Runner from 3rd tries for Home, SAFE, throw by RF to home
|
Batting: RHB Victor Alarcon
|
0-0: Called Strike 0-1: Ball 1-1: Foul Ball, location: 2F 1-2: Foul Ball, location: 2F 1-2: Foul Ball, location: 2F 1-2: Ball 2-2: Ball 3-2: Base on Balls Robert Sayer to second
|
Batting: RHB Chris Fruit
|
0-0: Called Strike 0-1: Foul Ball, location: 2F 0-2: Ball 1-2: Strikes out looking
|
Batting: RHB Chris Maul
|
0-0: Foul Ball, location: 2F 0-1: DOUBLE (Line Drive, 3D, EV 103.1 MPH) Robert Sayer scores Victor Alarcon to third
|
Pitching: RHP Jose Marrero
|
|
Batting: SHB Aaron Neill
|
0-0: Called Strike 0-1: Hit by Pitch
|
Batting: LHB Rick Campbell
|
0-0: Ball 1-0: Ball 2-0: Ball 3-0: Called Strike 3-1: Foul Ball, location: 2F 3-2: Strikes out swinging
|
Batting: RHB Alfredo Sena
|
0-0: Called Strike 0-1: Ball Passed Ball! Victor Alarcon scores Chris Maul to third Aaron Neill to second 1-1: Ball 2-1: Foul Ball, location: 2F 2-2: Foul Ball, location: 2F 2-2: Strikes out looking
|
Bottom of the 4th over - 3 runs, 3 hits, 0 errors, 2 left on base; Dayton 4 - Wisconsin 6 |
TOP OF THE 5TH |
Dayton Dragons batting - Pitching for Wisconsin Timber Rattlers : LHP Taek-hyun Kim
|
Batting: RHB Mark Williams
|
0-0: Ball 1-0: Called Strike 1-1: Foul Ball, location: 2F 1-2: Hit by Pitch
|
Batting: RHB Chris Zamora
|
0-0: Ball 1-0: Ball 2-0: Ball 3-0: Called Strike 3-1: Base on Balls Mark Williams to second
|
Batting: RHB Jake Savell
|
0-0: Ball 1-0: Called Strike 1-1: SINGLE (Groundball, 4M, EV 106.9 MPH) (infield hit) Mark Williams to third Chris Zamora to second
|
Pinch Hitting: RHB Juan Zamora
|
0-0: Ball 1-0: Ball 2-0: TRIPLE (Line Drive, 78XD, EV 105.0 MPH) Mark Williams scores Chris Zamora scores Jake Savell scores
|
Pitching: LHP Jim McCutcheon
|
|
Batting: RHB Andy Bachman
|
0-0: Called Strike 0-1: Ball 1-1: Ball 2-1: Foul Ball, location: 2F 2-2: Ball 3-2: Base on Balls
|
Batting: LHB Chris Redhead
|
0-0: Called Strike 0-1: Called Strike 0-2: Foul Ball, location: 2F 0-2: Fielders Choice at 2nd, 4-6 (Groundball, 4, EV 88.1 MPH) Juan Zamora scores
|
Batting: RHB Ernie Maldonado
|
0-0: Fly out, F8 (Line Drive, 8LM, EV 104.4 MPH)
|
Batting: RHB Yutaka Sato
|
0-0: Ball 1-0: Ball 2-0: SINGLE (Line Drive, 6MD, EV 100.6 MPH) Chris Redhead to second
|
Batting: LHB Leo Gomez
|
0-0: Called Strike 0-1: Foul Ball, location: 2F 0-2: Ball 1-2: Fly out, F1 (Line Drive, P, EV 61.9 MPH)
|
Top of the 5th over - 4 runs, 3 hits, 0 errors, 2 left on base; Dayton 8 - Wisconsin 6 |
BOTTOM OF THE 5TH |
Wisconsin Timber Rattlers batting - Pitching for Dayton Dragons : RHP Jose Marrero
|
Now in RF: Tim Kirk
|
|
Batting: RHB Jonathan Sarles
|
0-0: Ball 1-0: Called Strike 1-1: Ball 2-1: Foul Ball, location: 2F 2-2: SINGLE (Groundball, 56D, EV 103.1 MPH)
|
Batting: RHB Jose Cerritos
|
0-0: Called Strike 0-1: Swinging Strike 0-2: Strikes out looking
|
Batting: SHB Robert Sayer
|
0-0: SINGLE (Groundball, 34D, EV 97.5 MPH) Jonathan Sarles to second Runner from 2nd tries for 3rd, SAFE, throw by RF made at trailing runner, OUT! 9-6
|
Batting: RHB Victor Alarcon
|
0-0: Ball 1-0: Ground out 6-3 (Groundball, 6D, EV 100.6 MPH)
|
Bottom of the 5th over - 0 runs, 2 hits, 0 errors, 1 left on base; Dayton 8 - Wisconsin 6 |
TOP OF THE 6TH |
Dayton Dragons batting - Pitching for Wisconsin Timber Rattlers : LHP Jim McCutcheon
|
Batting: RHB Mark Williams
|
0-0: Ball 1-0: Ball 2-0: Fly out, F8 (Flyball, 89D, EV 102.5 MPH)
|
Batting: RHB Chris Zamora
|
0-0: Ground out 5-3 (Groundball, 56, EV 89.4 MPH)
|
Batting: RHB Jake Savell
|
0-0: Ball 1-0: Ball 2-0: Fly out, F4 (Popup, 4S, EV 74.4 MPH)
|
Top of the 6th over - 0 runs, 0 hits, 0 errors, 0 left on base; Dayton 8 - Wisconsin 6 |
BOTTOM OF THE 6TH |
Wisconsin Timber Rattlers batting - Pitching for Dayton Dragons : RHP Jose Marrero
|
Batting: RHB Chris Fruit
|
0-0: Ground out 4-3 (Groundball, 4, EV 91.2 MPH)
|
Batting: RHB Chris Maul
|
0-0: Called Strike 0-1: Foul Ball, location: 2F 0-2: Foul Ball, location: 2F 0-2: Ball 1-2: Fly out, F8 (Flyball, 8RD, EV 101.9 MPH)
|
Batting: SHB Aaron Neill
|
0-0: Ball 1-0: Swinging Strike 1-1: Ball 2-1: Foul Ball, location: 2F 2-2: Ground out 6-3 (Groundball, 6M, EV 96.9 MPH)
|
Bottom of the 6th over - 0 runs, 0 hits, 0 errors, 0 left on base; Dayton 8 - Wisconsin 6 |
TOP OF THE 7TH |
Dayton Dragons batting - Pitching for Wisconsin Timber Rattlers : LHP Jim McCutcheon
|
Batting: LHB Tim Kirk
|
0-0: Ball 1-0: Ball 2-0: Ball 3-0: Foul Ball, location: 2F 3-1: Foul Ball, location: 2F 3-2: Foul Ball, location: 2F 3-2: Foul Ball, location: 2F 3-2: Foul Ball, location: 2F 3-2: Foul Ball, location: 2F 3-2: DOUBLE (Line Drive, 9LS, EV 108.8 MPH)
|
Batting: RHB Andy Bachman
|
0-0: Called Strike 0-1: Ball 1-1: Ball 2-1: Ball 3-1: DOUBLE (Line Drive, 9LM, EV 108.8 MPH) Tim Kirk scores
|
Batting: LHB Chris Redhead
|
0-0: Foul Ball, location: 2F 0-1: Ball 1-1: Called Strike 1-2: Ball 2-2: Ball 3-2: Fly out, F8 (Flyball, 8LXD, EV 103.8 MPH) Runner from 2nd tags up, SAFE at 3rd, no throw by CF
|
Pitching: RHP Chris Bedard
|
|
Batting: RHB Ernie Maldonado
|
0-0: Fly out, F7 (Flyball, 78M, EV 90.6 MPH)
|
Batting: RHB Yutaka Sato
|
0-0: Ball 1-0: Foul Ball, location: 2F 1-1: Foul Ball, location: 2F 1-2: Ball 2-2: Ball 3-2: Ground out 6-3 (Groundball, P, EV 78.1 MPH)
|
Top of the 7th over - 1 run, 2 hits, 0 errors, 1 left on base; Dayton 9 - Wisconsin 6 |
BOTTOM OF THE 7TH |
Wisconsin Timber Rattlers batting - Pitching for Dayton Dragons : RHP Jose Marrero
|
Pitching: LHP Alec Valencia
|
|
Now at 1B: Mark Williams
|
|
Now at 2B: Jeremy Robertson
|
|
Now at SS: Yutaka Sato
|
|
Batting: LHB Rick Campbell
|
0-0: Ball 1-0: Called Strike 1-1: SINGLE (Groundball, 5S, EV 70.0 MPH) (infield hit)
|
Pitching: RHP Sean Jordan
|
|
Batting: RHB Alfredo Sena
|
|
Pinch Hitting: LHB Tyler Francis
|
0-0: Ball Rick Campbell is caught stealing 2nd base 2-6 1-0: Ground out 6-3 (Groundball, 6M, EV 85.6 MPH)
|
Batting: RHB Jonathan Sarles
|
0-0: Called Strike 0-1: Ball 1-1: Ball 2-1: Ball 3-1: Foul Ball, location: 2F 3-2: TRIPLE (Line Drive, 9LD, EV 99.4 MPH)
|
Batting: RHB Jose Cerritos
|
0-0: Ball 1-0: Fly out, F7 (Flyball, 7S, EV 89.4 MPH)
|
Bottom of the 7th over - 0 runs, 2 hits, 0 errors, 1 left on base; Dayton 9 - Wisconsin 6 |
TOP OF THE 8TH |
Dayton Dragons batting - Pitching for Wisconsin Timber Rattlers : RHP Chris Bedard
|
Now in LF: Victor Alarcon
|
|
Now in CF: Aaron Neill
|
|
Now in RF: Tyler Francis
|
|
Batting: LHB Leo Gomez
|
0-0: Called Strike 0-1: Swinging Strike 0-2: Ground out 3-1 (Groundball, 34, EV 108.8 MPH)
|
Batting: RHB Mark Williams
|
0-0: Foul Ball, location: 2F 0-1: Ball 1-1: Swinging Strike 1-2: Foul Ball, location: 2F 1-2: Ball 2-2: Ball 3-2: Strikes out swinging
|
Batting: RHB Chris Zamora
|
0-0: Ball 1-0: Swinging Strike 1-1: Called Strike 1-2: Strikes out swinging
|
Top of the 8th over - 0 runs, 0 hits, 0 errors, 0 left on base; Dayton 9 - Wisconsin 6 |
BOTTOM OF THE 8TH |
Wisconsin Timber Rattlers batting - Pitching for Dayton Dragons : RHP Sean Jordan
|
Batting: SHB Robert Sayer
|
0-0: Ball 1-0: Fly out, F9 (Line Drive, 9, EV 90.0 MPH)
|
Batting: RHB Victor Alarcon
|
0-0: Ball 1-0: Called Strike 1-1: Foul Ball, location: 2F 1-2: Ground out 6-3 (Groundball, 6, EV 80.0 MPH)
|
Batting: RHB Chris Fruit
|
0-0: Called Strike 0-1: Ball 1-1: Swinging Strike 1-2: Strikes out swinging
|
Bottom of the 8th over - 0 runs, 0 hits, 0 errors, 0 left on base; Dayton 9 - Wisconsin 6 |
TOP OF THE 9TH |
Dayton Dragons batting - Pitching for Wisconsin Timber Rattlers : RHP Chris Bedard
|
Batting: LHB Jeremy Robertson
|
0-0: Foul Ball, location: 2F 0-1: Swinging Strike 0-2: DOUBLE (Line Drive, 8LXD, EV 104.4 MPH)
|
Batting: LHB Tim Kirk
|
0-0: Ball 1-0: Foul Ball, location: 2F 1-1: Ground out 4-3 (Groundball, 34D, EV 87.5 MPH) Jeremy Robertson to third
|
Batting: RHB Andy Bachman
|
0-0: Swinging Strike 0-1: Ball 1-1: Foul Ball, location: 2F 1-2: Foul Ball, location: 2F 1-2: Strikes out looking
|
Batting: LHB Chris Redhead
|
0-0: Fly out, F9 (Flyball, 9, EV 97.5 MPH)
|
Top of the 9th over - 0 runs, 1 hit, 0 errors, 1 left on base; Dayton 9 - Wisconsin 6 |
BOTTOM OF THE 9TH |
Wisconsin Timber Rattlers batting - Pitching for Dayton Dragons : RHP Sean Jordan
|
Pitching: RHP Juan Hernandez
|
|
Batting: RHB Chris Maul
|
0-0: Swinging Strike 0-1: Ball 1-1: Foul Ball, location: 2F 1-2: Ball 2-2: Fly out, F8 (Flyball, 8LM, EV 84.4 MPH)
|
Batting: SHB Aaron Neill
|
0-0: Ground out 4-3 (Groundball, 4, EV 104.4 MPH)
|
Batting: LHB Rick Campbell
|
0-0: Ball 1-0: Ball 2-0: Ball 3-0: Called Strike 3-1: Foul Ball, location: 2F 3-2: Base on Balls
|
Batting: LHB Tyler Francis
|
0-0: Ball Wild Pitch! Rick Campbell to second 1-0: Ball 2-0: Ball 3-0: Called Strike 3-1: Called Strike 3-2: Foul Ball, location: 2F 3-2: Strikes out swinging
|
Bottom of the 9th over - 0 runs, 0 hits, 0 errors, 1 left on base; Dayton 9 - Wisconsin 6 |
|